 Dungeon Crawl Stone Soup version 0.30-a0-23-ge60ba3568b (webtiles) character file.

Game seed: 7363714099937486186

201 kareem the Poker (level 5, -2/41 HPs)
             Began as a Demonspawn Fighter on Aug 25, 2022.
             Killed from afar by an orc wizard (11 damage)
             ... with a puff of flame
             ... on level 3 of the Dungeon.
             The game lasted 00:02:27 (2746 turns).

kareem the Poker (Demonspawn Fighter)               Turns: 2746, Time: 00:02:28

Health: -2/41      AC:  6    Str: 18    XL:     5   Next: 50%
Magic:  5/5        EV:  9    Int: 10    God:
Gold:   95         SH:  4    Dex: 12    Spells: 4/4 levels left

rFire   . . .      SeeInvis .    a - +0 trident
rCold   . . .      Faith    .    c - +0 buckler
rNeg    . . .      Spirit   .    b - +0 scale mail
rPois   .          Reflect  .    (helmet restricted)
rElec   .          Harm     .    f - scarf {shadows}
rCorr   .          Rampage  .    (no gloves)
Will    +....                    (no boots)
Stlth   ..........               (no amulet)
HPRegen 0.13/turn                e - ring of willpower
MPRegen 0.09/turn                k - +4 ring of slaying

@: mighty
A: antennae 1
a: no special abilities


You were on level 3 of the Dungeon.
You visited 1 branch of the dungeon, and saw 3 of its levels.

You collected 95 gold pieces.

Inventory:

Hand Weapons
 a - a +0 trident (weapon)
Armour
 b - a +0 scale mail (worn)
 c - a +0 buckler (worn)
 f - a scarf of shadows (worn)
Jewellery
 e - a ring of willpower (left hand)
 g - a ring of flight
 h - a ring of positive energy
 k - a +4 ring of slaying (right hand)
 l - a ring of fire
Scrolls
 i - a scroll of teleportation {unknown}
 j - 4 scrolls of identify {unknown}
 m - a scroll of magic mapping {unknown}
 o - 2 scrolls of blinking {unknown}
 p - a scroll of noise {unknown}
 r - 2 scrolls of torment {unknown}
 s - a scroll of summoning {unknown}
Potions
 d - a potion of might
 n - a potion of mutation {unknown}
 q - a potion of curing {unknown}
 t - a potion of heal wounds {unknown}


   Skills:
 - Level 3.0 Fighting
 + Level 5.3 Polearms
 - Level 2.6 Armour
 - Level 2.6 Shields


You had 4 spell levels left.
You didn't know any spells.
Your spell library was empty.

Dungeon Overview and Level Annotations

Branches:
Dungeon (3/15)

Altars:


Innate Abilities, Weirdness & Mutations

You have a pair of small antennae on your head.


Message History

You hit the orc priest.
The orc priest is almost dead.
The orc priest hits you with a +0 whip.
You barely miss the orc priest.
The orc priest is almost dead.
The orc priest hits you but does no damage.
You barely miss the orc priest.
The orc priest is almost dead.
The orc priest hits you with a +0 whip.
You puncture the orc priest!
You kill the orc priest!
You reach to attack!
You puncture the orc!
You kill the orc!
Something hits you but does no damage.
You reach to attack!
You hit the orc.
The orc is moderately wounded.
Something hits you but does no damage. Something you can't see is in the way.
You completely miss something. Something hits you.
You barely miss something. Something hits you.
You miss something. Something hits you but does no damage.
You miss something. Something hits you but does no damage.
You miss something. Something hits you but does no damage.
You puncture something! Something hits you.
You hit something but do no damage. Something hits you.
You barely miss something. Something hits you.
You hear some strange, mumbled words.
A puff of flame appears from out of thin air!
The puff of flame hits you.
You miss something. Something hits you.
You barely miss something.
You hear some strange, mumbled words.
A puff of flame appears from out of thin air!
The puff of flame hits you.
* * * LOW HITPOINT WARNING * * *
You feel very mighty all of a sudden.
You hear some strange, mumbled words.
A puff of flame appears from out of thin air!
The puff of flame hits you!
You die...

#.# #.# ###.# #.#
#...# #.#
######.### #.#
........# #..
######..# #..#
.######..#########
...........@{ooo..
####.##.#######...
# #.# #.# #.# #.#
...


You could see 3 orcs.

Vanquished Creatures
  4 orc priests
  A dart slug (D:2)
  3 worms (D:2)
  10 orcs
  3 ball pythons
  5 endoplasms
  2 giant cockroaches
  6 goblins
  3 hobgoblins (D:2)
  10 jackals
  2 bats (D:2)
  A frilled lizard (D:1)
  6 kobolds
  2 rats
58 creatures vanquished.

Notes
Turn   | Place    | Note
-------+----------+-------------------------------------------
     0 | D:1      | kareem the Demonspawn Fighter began the quest for the Orb.
     0 | D:1      | Reached XP level 1. HP: 18/18 MP: 1/1
   157 | D:1      | Reached skill level 2 in Polearms
   483 | D:1      | Gained mutation: You have a pair of small antennae on your
                  | head. [demonic ancestry]
   483 | D:1      | Reached XP level 2. HP: 16/24 MP: 2/2
   798 | D:1      | Reached skill level 3 in Polearms
   868 | D:1      | Found a faded altar of an unknown god.
   912 | D:1      | Reached XP level 3. HP: 29/29 MP: 3/3
  1587 | D:2      | Reached skill level 4 in Polearms
  1587 | D:2      | Reached XP level 4. HP: 13/35 MP: 4/4
  1626 | D:2      | HP: 1/35 [orc priest/divine providence (14)]
  2638 | D:3      | Reached XP level 5. HP: 39/41 MP: 5/5
  2642 | D:3      | Reached skill level 5 in Polearms
  2746 | D:3      | Killed from afar by an orc wizard

Illustrated notes

Levels and vault maps discovered:
D:1:      dpeg_arrival_shrine, layout_loops_ring,
          hellmonk_ecumenical_altar_prayer_group
D:2:      cheibrodos_pilgrimage, layout_loops_cross,
          chequers_serial_rivers_micro_c, dreamdust_princess_bridge,
          skrybe_limestone_x
D:3:      layout_loops_ring, portal_sewer_entry_f

Skill      XL: |  1  2  3  4  5 |
---------------+----------------+-----
Polearms       | 2 3 4 5 |  5.3
Fighting       | |  3.0
Armour         | |  2.6
Shields        | |  2.6

Action                   |  1- 3 |  4- 6 || total
-------------------------+-------+-------++-------
Melee: Trident           |   111 |    73 ||   184
  Use: Potion            |       |     1 ||     1
Armor: Scale mail        |    39 |    18 ||    57
Dodge: Dodged            |    51 |    11 ||    62
Block: Buckler           |    22 |     8 ||    30

Table legend: (Time is in decaauts)
 A = Elapsed time spent in this place.
 B = Non-inter-level travel time spent in this place.
 C = Inter-level travel time spent in this place.
 D = Time resting spent in this place.
 E = Time spent auto-exploring this place.
 F = Levels seen in this place.
 G = Mean time per level.
                   A        B        C        D        E       F      G
               +--------+--------+--------+--------+--------+-----+--------+
         Total |   2778 |   2717 |     61 |    401 |   1884 |   3 |  926.0 |
       Dungeon |   2778 |   2717 |     61 |    401 |   1884 |   3 |  926.0 |
               +--------+--------+--------+--------+--------+-----+--------+

Top non-repeatable levels by time:
     D:1: 1687 daAuts
     D:2: 958 daAuts
     D:3: 131 daAuts
